 Dungeon Crawl Stone Soup version 0.32-a0-799-g95e1662365 (webtiles) character file.

Game seed: 2159227791268286819

1281 gimp the Conjurer (level 8, -7/56 HPs)
             Began as a Barachi Earth Elementalist on Mar 21, 2024.
             Mangled by an orc warrior
             ... wielding a +0 scimitar
              (12 damage)
             ... on level 6 of the Dungeon.
             The game lasted 00:10:30 (5956 turns).

gimp the Conjurer (Barachi Earth Elementalist)      Turns: 5956, Time: 00:10:31

Health: -7/56      AC:  2    Str: 10    XL:     8   Next: 54%
Magic:  8/16       EV: 11    Int: 17    God:
Gold:   374        SH:  0    Dex: 13    Spells: 14/18 levels left

rFire   . . .        a - +3 short sword (venom)
rCold   . . .        (no shield)
rNeg    . . .        m - +0 robe
rPois   .            (no helmet)
rElec   .            (no cloak)
rCorr   .            (no gloves)
SInv    .            (no boots)
Will    .....        (no amulet)
Stlth   ++           (no ring)
HPRegen 0.29/turn    (no ring)
MPRegen 0.15/turn

%: no passive effects
@: lethally poisoned (-7 -> -14), slow
A: amphibious, slowness 1, strong legs 1, +LOS
a: Hop


You were on level 6 of the Dungeon.
You visited 2 branches of the dungeon, and saw 8 of its levels.

You collected 374 gold pieces.

Inventory:

Hand Weapons
 a - a +3 short sword of venom (weapon)
Missiles
 A - a throwing net
Armour
 m - a +0 robe (worn)
 x - a +0 cloak
 y - a +0 pair of boots
Jewellery
 z - a ring of fire
Wands
 u - a wand of roots (4)
 w - a wand of paralysis (7)
Scrolls
 c - a scroll of noise {unknown}
 f - a scroll of fog {unknown}
 g - 2 scrolls of revelation {unknown}
 j - 2 scrolls of teleportation {unknown}
 k - 3 scrolls of identify {unknown}
 n - a scroll of blinking {unknown}
 o - a scroll of fear {unknown}
 p - a scroll of enchant armour {unknown}
 r - 2 scrolls of immolation {unknown}
 v - 3 scrolls of amnesia {unknown}
 B - a scroll of brand weapon {unknown}
Potions
 b - a potion of magic
 d - a potion of degeneration {unknown}
 e - a potion of invisibility {unknown}
 h - a potion of might {unknown}
 i - a potion of cancellation
 l - a potion of curing {unknown}
 q - a potion of resistance {unknown}
 s - a potion of attraction {unknown}
 t - 2 potions of enlightenment {unknown}


   Skills:
 + Level 2.0 Fighting
 - Level 2.1 Dodging
 - Level 1.7 Stealth
 * Level 5.7 Spellcasting
 - Level 7.0 Conjurations
 * Level 6.1 Earth Magic


You had 14 spell levels left.
You knew the following spells:

 Your Spells              Type           Power      Damage    Failure   Level
a - Stone Arrow           Conj/Erth      54%        3d10      2%          3
b - Sandblast             Erth           50%        2d12      1%          1

Your spell library contained the following spells:

 Spells                   Type           Power      Damage    Failure   Level
 Passwall                 Erth           25%        N/A       3%          3
 Static Discharge         Conj/Air       32%        3-5/arc   4%          2
 Brom's Barrelling Bould  Conj/Erth      27%        2d5       9%          4
 Dazzling Flash           Conj/Hex       32%        N/A       10%         3
 Ensorcelled Hibernation  Hex/Ice        8%         N/A       21%         2
 Lee's Rapid Deconstruct  Erth           12%        3d9*      30%         5
 Fugue of the Fallen      Necr           4%         N/A       36%         3
 Animate Armour           Summ/Erth      30%        N/A       36%         4
 Petrify                  Alch/Erth      15%        N/A       36%         4
 Airstrike                Air            2%         2d(1-17)  78%         4
 Anguish                  Hex/Necr       2%         N/A       78%         4
 Summon Lightning Spire   Summ/Air       4%         N/A       78%         4
 Starburst                Conj/Fire      8%         6d4       99%         6
 Maxwell's Capacitive Co  Air            2%         ∞         100%        8


Dungeon Overview and Level Annotations

Branches:
Dungeon (7/15)             Temple (1/1) D:6

Altars:
Ashenzari
Elyvilon
Fedhas
Gozag
Kikubaaqudgha
Makhleb
Nemelex Xobeh
Okawaru
Qazlal
Ru
Sif Muna
Trog
Wu Jian
Xom
Yredelemnul
Zin

Shops:
D:1 [   D:2 =[[

Annotations:
D:2 Sigmund
D:3 1 runed translucent door, exclusion: door, Crazy Yiuf


Innate Abilities, Weirdness & Mutations

You are amphibious.
You cover ground slowly.
You can hop short distances.
You have an extended range of vision and can be seen from far away.


Message History

Casting: Stone Arrow (dangerous; 2% risk of failure)
Confirm with . or Enter, or press ? or * to list all spells.
You don't have enough magic to cast this spell.
You feel sick.
You see here a scorpion corpse.
You take 1 damage, and have 40/56 hp.
You feel sick.
You are no longer poisoned.
Things that are here:
a +0 dagger; a +0 leather armour
Found a stone staircase leading down.
Health restored: 56; MP restored: 16 You open the door.
Found a stone staircase leading up.
There is an open door here.
You open the door.
There is an open door here.
You open the door.
There is an open door here.
You open the door.
There is an open door here.
t - 2 dark potions (gained 1)
There is an open door here.
There is an open door here.
There is a stone staircase leading down here.
You see here a +0 whip.
There is an open door here.
There is an open door here.
Things that are here:
a +0 whip; a gnoll skeleton You see here a +0 spear.
Items here: )) ÷÷÷.
You see here a +0 scale mail.
There is an open door here.
You open the door.
There is an open door here.
Done exploring.
Done exploring.
Done exploring.
There is a stone staircase leading down here.
You climb downwards.
The kobold shouts! x2; You hear a shout!
The kobold shouts!
Found 40 gold pieces, a hand axe and a dark potion.
There is a stone staircase leading up here.
Casting: Stone Arrow (dangerous; 2% risk of failure)
Confirm with . or Enter, or press ? or * to list all spells.
Aiming: Stone Arrow (dangerous; 2% risk of failure)
Press: ? - help, Shift-Dir - straight line, f - orc priest
Aim: an orc priest, wielding a +0 trident and wearing a +0 ring mail (wandering, hasn't noticed you, 75% to hit)
The stone arrow hits the orc priest!!
You kill the orc priest!
The orc warrior shouts!
The kobold shouts!
The orc shouts!
You hear a shout!
A kobold comes into view. It is wielding a +0 dagger.
A kobold brigand comes into view.
It is wielding a +0 dagger and quivering curare-tipped darts.
Your Fighting skill increases to level 2!
You now have 13/16 mp.
Casting: Stone Arrow (dangerous; 2% risk of failure)
Confirm with . or Enter, or press ? or * to list all spells.
Aiming: Stone Arrow (dangerous; 2% risk of failure)
Press: ? - help, Shift-Dir - straight line, f - orc warrior
Aim: an orc warrior, wielding a +0 scimitar and wearing a +0 chain mail (68% to hit)
The stone arrow hits the orc warrior.
The orc warrior is moderately wounded.
The kobold brigand shouts!
The kobold brigand throws a curare-tipped dart.
The curare-tipped dart hits you.
You are poisoned.
You have difficulty breathing.
You feel yourself slow down.
You take 12 damage, and have 44/56 hp.
MASSIVE DAMAGE!!
You now have 10/16 mp.
Casting: Stone Arrow (dangerous; 2% risk of failure)
Confirm with . or Enter, or press ? or * to list all spells.
Aiming: Stone Arrow (dangerous; 2% risk of failure)
Press: ? - help, Shift-Dir - straight line, f/p - orc warrior
Aim: an orc warrior, wielding a +0 scimitar and wearing a +0 chain mail (moderately wounded, 68% to hit)
The stone arrow hits the orc warrior!
The orc warrior is heavily wounded.
You feel very sick.
A kobold comes into view. It is wielding a +0 club.
The orc warrior hits you with a +0 scimitar!
You take 14 damage, and have 30/56 hp.
MASSIVE DAMAGE!!
You now have 7/16 mp.
You feel very sick. The orc closely misses you.
The orc warrior closely misses you.
The kobold throws a poisoned dart.
The poisoned dart hits you!
You are more poisoned.
The orc closely misses you.
The orc warrior hits you with a +0 scimitar!
* * * LOW HITPOINT WARNING * * *
You climb upwards.
* * * LOW HITPOINT WARNING * * *
You feel extremely sick.
There is a stone staircase leading down here.
You take 22 damage, and have 8/56 hp.
MASSIVE DAMAGE!!
It was a potion of cancellation.
Your magical effects are unravelling.
You feel magically purged.
You feel yourself speed up.
* * * LOW HITPOINT WARNING * * *
You feel very sick.
The orc warrior hits you with a +0 scimitar!
You die...

####### ########## ##
#.....# #........# #.
#.###o###......#.# #.
#.# #o@........#.#####.
#.###.###........).....
#.....# #.........####.
###.### #.####.....# #.
#.# #.# ##...## #. #.#
#.######.## #. #.#
#........# #. #.#
########.# ## #.# ##'##
#


You could see an orc warrior and an orc.

Vanquished Creatures
  A sky beast (D:6)
  2 ogres
  A centaur (D:6)
  A bullfrog (D:6)
  4 scorpions
  A howler monkey (D:6)
  2 jellies
  4 hounds
  3 orc priests
  4 iguanas
  3 orc wizards
  4 gnolls (D:6)
  4 adders
  A shadow imp (D:5)
  A ribbon worm (D:4)
  3 dart slugs
  14 orcs
  A bat (D:3)
  13 endoplasms
  3 giant cockroaches
  5 goblins
  4 hobgoblins
  4 quokkas
  6 ball pythons
  2 frilled lizards (D:1)
  5 kobolds
  4 rats
100 creatures vanquished.

Notes
Turn   | Place    | Note
-------+----------+-------------------------------------------
     0 | D:1      | gimp the Barachi Earth Elementalist began the quest for the
                  | Orb.
     0 | D:1      | Reached XP level 1. HP: 13/13 MP: 3/3
   207 | D:1      | Reached XP level 2. HP: 19/19 MP: 1/5
   312 | D:1      | Found a faded altar of an unknown god.
   317 | D:1      | Reached skill level 2 in Conjurations
   502 | D:1      | Found Voestro's Antique Armour Shoppe.
   718 | D:1      | Reached XP level 3. HP: 24/24 MP: 2/6
   886 | D:2      | Found Padoergh's Jewellery Shoppe.
   906 | D:2      | Noticed Sigmund
   912 | D:2      | Learned a level 3 spell: Stone Arrow
  1051 | D:2      | Found Oraonymu's Armour Shop.
  1086 | D:2      | Found Napoanoo's Antique Armour Shoppe.
  1268 | D:2      | Found a sacrificial altar of Ru.
  1896 | D:3      | Reached XP level 4. HP: 30/30 MP: 6/8
  1897 | D:3      | Reached skill level 3 in Conjurations
  1960 | D:3      | Noticed an ogre
  1965 | D:3      | Killed an ogre
  1966 | D:3      | Reached XP level 5. HP: 35/35 MP: 1/9
  2070 | D:3      | Reached skill level 4 in Conjurations
  2270 | D:3      | Found a runed translucent door.
  2271 | D:3      | Noticed Crazy Yiuf
  2450 | D:4      | Reached XP level 6. HP: 41/41 MP: 1/11
  2695 | D:4      | Reached skill level 5 in Conjurations
  3424 | D:5      | Entered Level 5 of the Dungeon
  3445 | D:5      | Reached XP level 7. HP: 46/46 MP: 6/13
  3749 | D:5      | Identified the +3 ring mail "Mouqella" {Int+3}
  4093 | D:5      | Reached skill level 6 in Conjurations
  4248 | D:5      | Reached skill level 5 in Earth Magic
  4839 | D:6      | Reached XP level 8. HP: 39/52 MP: 8/15
  4988 | D:6      | Reached skill level 7 in Conjurations
  5014 | D:6      | Reached skill level 5 in Spellcasting
  5104 | D:6      | Found a staircase to the Ecumenical Temple.
  5182 | Temple   | Entered the Ecumenical Temple
  5209 | D:6      | Reached skill level 1 in Fighting
  5956 | D:6      | Mangled by an orc warrior

Illustrated notes

Levels and vault maps discovered:
D:1:      dpeg_arrival_line_fractal, layout_loops_ring,
          ebering_ecumenical_altar_sacrificial, serial_shops,
          nicolae_shop_just_a_little_nook
D:2:      layout_loops_ring, basic_altar, serial_shops, shop,
          nicolae_shop_gaudy_bauble, nicolae_shop_just_a_little_nook,
          kennysheep_generic_room_16, uniq_sigmund
D:3:      layout_rooms, uniq_crazy_yiuf_cottage
D:4:      layout_rooms
D:5:      layout_loops_cross
D:6:      layout_loops_corners, minmay_temple_entry_gardened_gates
D:7:      layout_basic
Temple:   minmay_temple_bridge_d

Skill      XL: |  1  2  3  4  5  6  7  8 |
---------------+-------------------------+-----
Conjurations   | 2 3 4 5 6 7 |  7.0
Spellcasting   | 3 4 5 |  5.7
Earth Magic    | 4 5 6 |  6.1
Fighting       | 2 |  2.0
Dodging        | |  2.1
Stealth        | |  1.7

Action                     |  1- 3 |  4- 6 |  7- 9 || total
---------------------------+-------+-------+-------++-------
  Melee: Unarmed           |     1 |       |       ||     1
         Short sword       |       |    24 |    10 ||    34
   Cast: Sandblast         |    47 |    29 |       ||    76
         Stone Arrow       |       |    23 |    50 ||    73
Ability: Hop               |     1 |     1 |       ||     2
    Use: Potion            |       |       |     1 ||     1
 Armour: Robe              |    12 |    30 |    22 ||    64
  Dodge: Dodged            |    10 |    39 |    12 ||    61

Table legend: (Time is in decaauts)
 A = Elapsed time spent in this place.
 B = Non-inter-level travel time spent in this place.
 C = Inter-level travel time spent in this place.
 D = Time resting spent in this place.
 E = Time spent auto-exploring this place.
 F = Levels seen in this place.
 G = Mean time per level.
                   A        B        C        D        E       F      G
               +--------+--------+--------+--------+--------+-----+--------+
         Total |   6670 |   6496 |    174 |     70 |   5685 |   8 |  833.8 |
       Dungeon |   6669 |   6495 |    174 |     70 |   5685 |   7 |  952.7 |
        Temple |      1 |      1 |      0 |      0 |      0 |   1 |    1.0 |
               +--------+--------+--------+--------+--------+-----+--------+

Top non-repeatable levels by time:
     D:6: 1539 daAuts
     D:4: 1165 daAuts
     D:5: 1163 daAuts
     D:1: 1000 daAuts
     D:3: 916 daAuts
     D:2: 877 daAuts
     D:7: 5 daAuts
  Temple: 1 daAuts
